 Dungeon Crawl Stone Soup version 0.29.1-14-g9c671dbff4 (webtiles) character file.

Game seed: 7515970142696867773

2582 DildoBatman the Merchant of Misery (level 9, -31/63 HPs)
             Began as a Formicid Conjurer on Feb 14, 2023.
             Was a Believer of Kikubaaqudgha.
             Annihilated by an orc warlord
             ... wielding a +2 executioner's axe
              (39 damage)
             ... on level 8 of the Dungeon.
             The game lasted 00:27:56 (5734 turns).

DildoBatman the Merchant of Misery (FoCj)           Turns: 5734, Time: 00:27:56

Health: -31/63     AC:  4    Str: 12    XL:     9   Next: 88%
Magic:  15/19      EV: 12    Int: 22    God:    Kikubaaqudgha [**....]
Gold:   2172       SH:  0    Dex: 12    Spells: 14/22 levels left

rFire   . . .      SeeInvis +   a - +3 scimitar (freeze)
rCold   . . .      Faith    .   (no shield)
rNeg    . . .      Spirit   .   I - +1 robe {Archmagi}
rPois   +          Reflect  .   (helmet unavailable)
rElec   .          Harm     .   (no cloak)
rCorr   .          Rampage  .   (no gloves)
Will    .....      Archmagi +   w - +0 pair of boots
Stlth   ++........              (no amulet)
HPRegen 0.20/turn               u - ring of wizardry
MPRegen 0.16/turn               m - ring of poison resistance

@: brilliant
A: permanent stasis, dig shafts and tunnels, antennae 3, four strong arms
a: Dig, Shaft Self, Renounce Religion, Unearth Wretches


You were on level 8 of the Dungeon.
You worshipped Kikubaaqudgha.
Kikubaaqudgha was pleased with you.
You visited 2 branches of the dungeon, and saw 7 of its levels.
You also visited: Bailey.

You collected 2172 gold pieces.

Inventory:

Hand Weapons
 a - a +3 scimitar of freezing (weapon)
 b - a +0 shortbow
 e - the +3 hand axe of Sairch {speed, rElec Str+4 Dex-2 SInv}
   (You found it on level 2 of the Dungeon)

   Attacks with this weapon are significantly faster.
   Str:       It affects your strength (+4).
   Dex:       It affects your dexterity (-2).
   rElec:     It insulates you from electricity.
   SInv:      It lets you see invisible.
 f - a +1 mace of protection
 Q - a +2 short sword of venom
Missiles
 D - 25 poisoned darts
 F - a curare-tipped dart
Armour
 g - a +1 robe of positive energy
 w - a +0 pair of boots (worn)
 H - a +2 leather armour of fire resistance
 I - a +1 robe of the Archmagi (worn)
Magical Staves
 k - a staff of poison
Jewellery
 m - a ring of poison resistance (right hand)
 p - a ring of ice
 u - a ring of wizardry (left hand)
 z - a ring of protection from fire
 A - a ring of fire
 K - a ring of protection from fire
 L - a ring of protection from cold
Wands
 n - a wand of iceblast (14)
 o - a wand of mindburst (15)
 t - a wand of quicksilver (9)
 y - a wand of flame (36)
 C - a wand of charming (23)
Scrolls
 j - a scroll of enchant weapon {unknown}
 l - a scroll of vulnerability
 v - 3 scrolls of silence
 x - a scroll of fear {unknown}
 B - a scroll of poison {unknown}
 J - 4 scrolls of fog
 N - a scroll of enchant armour {unknown}
Potions
 c - 3 potions of curing
 h - 3 potions of brilliance
 i - a potion of mutation {unknown}
 q - a potion of magic
 r - a potion of degeneration {unknown}
 s - 4 potions of heal wounds
 E - 4 potions of cancellation
 G - a potion of might
 M - a potion of resistance
Miscellaneous
 P - a piece from Xom's chessboard (15/15)


   Skills:
 - Level 3.1 Fighting
 - Level 3.1 Armour
 - Level 2.1 Dodging
 - Level 2.4 Stealth
 - Level 7.0 Spellcasting
 - Level 6.0 Conjurations
 * Level 8.2 Necromancy


You had 14 spell levels left.
You knew the following spells:

 Your Spells              Type           Power      Damage    Failure   Level
a - Searing Ray           Conj           100%       2d8       1%          2
c - Magic Dart            Conj           100%       1d8       1%          1
d - Vampiric Draining     Necr           78%        2d11      1%          3
z - Sublimation of Blood  Necr           78%        N/A       1%          2

Your spell library contained the following spells:

 Spells                   Type           Power      Damage    Failure   Level
 Necrotise                Necr           100%       1d9       1%          1
 Dazzling Flash           Conj/Hex       94%        N/A       2%          3
 Ensorcelled Hibernation  Hex/Ice        34%        N/A       4%          2
 Anguish                  Hex/Necr       27%        N/A       6%          4
 Portal Projectile        Hex/Tloc       34%        N/A       10%         3
 Spider Form              Tmut/Pois      17%        N/A       10%         3
 Tukima's Dance           Hex            17%        N/A       10%         3
 Fulminant Prism          Conj/Hex       23%        3d13      10%         4
 Iskenderun's Mystic Bla  Conj/Tloc      47%        2d10      10%         4
 Blade Hands              Tmut           8%         N/A       63%         5


Dungeon Overview and Level Annotations

Branches:
Dungeon (8/15)             Temple (1/1) D:4          Bailey (visited)
   Lair: D:8-11

Altars:
Ashenzari
Cheibriados
Dithmenos
Elyvilon
Fedhas
Gozag
Hepliaklqana
Kikubaaqudgha
Okawaru
Ru
Sif Muna
Trog
Uskayaw
Vehumet
Wu Jian
Yredelemnul
Zin
The Shining One

Annotations:
D:4 Edmund


Innate Abilities, Weirdness & Mutations

You cannot be hasted, slowed, berserked, paralysed or teleported.
You can dig through walls and to a lower floor.
You have a pair of large antennae on your head. (SInv)
Your four strong arms can wield two-handed weapons with a shield.


Message History

a +0 leather armour; a +0 hand axe
There is an open door here.
You enter the shallow water.
Moving in this stuff is going to be slow.
There is a gate leading back out of this place here.
You feel clever all of a sudden.
Casting: Vampiric Draining (safe; 1% risk of failure)
Confirm with . or Enter, or press ? or * to list all spells.
Aiming: Magic Dart (safe; 1% risk of failure)
Press: ? - help, Shift-Dir - straight line, f - orc warlord
Aim: an orc warlord, wielding a +2 executioner's axe and wearing a +0 chain mail (100% to hit)
You feel a strong surge of power!
The magic dart hits the orc warlord but does no damage.
Casting: Magic Dart (safe; 1% risk of failure)
Confirm with . or Enter, or press ? or * to list all spells.
Aiming: Searing Ray (safe; 1% risk of failure)
Press: ? - help, Shift-Dir - straight line, f/p - orc warlord
Aim: an orc warlord, wielding a +2 executioner's axe and wearing a +0 chain mail (87% to hit)
You feel a strong surge of power!
The searing ray hits the orc warlord!
The orc warlord is lightly wounded. (Press . to maintain the ray.)
The searing ray hits the orc warlord.
The orc warlord is lightly wounded.
The searing ray hits the orc warlord.
The orc warlord is lightly wounded.
The searing ray hits the orc warlord!
The orc warlord is moderately wounded.
You finish channelling your searing ray.
The orc warlord hits you with a +2 executioner's axe!!
Welcome back to the Dungeon!
There is an empty arch of ancient stone here.
Are you sure you want to shaft yourself?
The orc warlord hits you with a +2 executioner's axe!!
You begin to dig a shaft.
You continue digging a shaft.
The orc warlord hits you with a +2 executioner's axe!!!
Ouch! That really hurt!
You die...
Kikubaaqudgha rasps: "You have failed me!
Welcome... death!"

#......#......#..+
#......#[.....#..#
###......#[.....#..#
#....8....###..#####
#....(....###..###
#.8.....8...#....#
#...........#....#....
#.........####'####..#
##8...@...8###..# ##..#
#.....o....#....# ....
#..........#....# ...
#..8.....8.###'######.#
#...........##..##.##.#
#.....8.............'..
#...................#..
####...#########...####
#...##...########


You could see an orc warlord.

Vanquished Creatures
  An orc knight (Bailey)
  Sigmund (D:3)
  4 orc warriors
  An ice beast (D:8)
  2 black bears
  A centaur (D:8)
  A phantom (D:5)
  The ghost of raetorn the Caller, an amateur OpSu (D:3)
  2 kobold brigands (D:8)
  A bullfrog (D:8)
  2 scorpions (D:5)
  A necrophage (D:4)
  4 wights (D:8)
  A killer bee (D:8)
  2 howler monkeys
  A hound (D:5)
  Jessica (D:3)
  Ijyb (D:4)
  3 orc wizards
  8 adders
  7 gnolls (Bailey)
  A white imp (D:8)
  An ufetubus (D:4)
  3 worms
  2 dart slugs
  9 orcs
  5 bats
  8 endoplasms
  4 giant cockroaches
  6 goblins
  12 hobgoblins
  21 kobolds
  3 quokkas
  10 ball pythons
  3 frilled lizards
  9 rats
143 creatures vanquished.

Vanquished Creatures (others)
  3 plants
3 creatures vanquished.

Grand Total: 146 creatures vanquished

Notes
Turn   | Place    | Note
-------+----------+-------------------------------------------
     0 | D:1      | DildoBatman the Formicid Conjurer began the quest for the
                  | Orb.
     0 | D:1      | Reached XP level 1. HP: 13/13 MP: 3/3
    22 | D:1      | You fall into a shaft and drop 1 floor!
    37 | D:2      | Identified the +3 hand axe of Sairch {speed, rElec Str+4
                  | Dex-2 SInv}
   123 | D:2      | Reached XP level 2. HP: 13/20 MP: 5/5
   126 | D:2      | Learned a level 2 spell: Searing Ray
   399 | D:1      | Reached skill level 1 in Fighting
   399 | D:1      | Reached skill level 1 in Armour
   399 | D:1      | Reached XP level 3. HP: 16/26 MP: 1/6
   915 | D:2      | Reached XP level 4. HP: 32/32 MP: 0/8
  1345 | D:2      | Found a faded altar of an unknown god.
  1684 | D:3      | Found a runed translucent door.
  1685 | D:3      | Noticed raetorn's ghost (amateur OpSu)
  1727 | D:3      | Found a runed translucent door.
  1819 | D:3      | Noticed Sigmund
  1889 | D:3      | Reached XP level 5. HP: 28/38 MP: 4/9
  2301 | D:3      | Noticed Jessica
  2565 | D:3      | You fall into a shaft and drop 1 floor!
  2691 | D:4      | Found a staircase to the Ecumenical Temple.
  2698 | Temple   | Entered the Ecumenical Temple
  2886 | Temple   | Became a worshipper of Kikubaaqudgha
  2911 | D:4      | Noticed a black bear
  2950 | D:3      | Killed Jessica
  3140 | D:3      | You fall into a shaft and drop 1 floor!
  3168 | D:4      | Noticed Ijyb
  3174 | D:4      | Killed Ijyb
  3175 | D:4      | Reached XP level 6. HP: 33/46 MP: 1/11
  3590 | D:4      | Noticed Edmund
  3649 | D:3      | Killed raetorn's ghost
  3650 | D:3      | Reached XP level 7. HP: 43/52 MP: 6/13
  3904 | D:3      | Killed Sigmund
  3905 | D:3      | Reached skill level 5 in Conjurations
  4027 | D:4      | Reached skill level 5 in Spellcasting
  4066 | D:5      | Entered Level 5 of the Dungeon
  4182 | D:5      | Reached XP level 8. HP: 39/58 MP: 7/16
  4271 | D:5      | Identified the +9 dagger of Slime {vorpal, rElec rF- Int+2
                  | Stlth+}
  4282 | D:5      | You fall into a shaft and drop 3 floors!
  4356 | D:8      | Reached * piety under Kikubaaqudgha
  4356 | D:8      | Received a gift from Kikubaaqudgha
  4364 | D:8      | Learned a level 2 spell: Sublimation of Blood
  4368 | D:8      | Learned a level 3 spell: Vampiric Draining
  4437 | D:8      | Reached skill level 1 in Necromancy
  4444 | D:8      | Reached skill level 2 in Necromancy
  4570 | D:8      | Reached skill level 3 in Necromancy
  4591 | D:8      | Reached XP level 9. HP: 37/63 MP: 8/19
  4610 | D:8      | Reached skill level 4 in Necromancy
  4721 | D:8      | Reached skill level 5 in Necromancy
  4815 | D:8      | Found a flagged portal.
  4926 | Bailey   | Entered a bailey
  4952 | Bailey   | Reached skill level 6 in Necromancy
  4967 | Bailey   | Noticed an orc warlord
  5017 | Bailey   | Noticed an orc knight
  5038 | Bailey   | Killed an orc knight
  5039 | Bailey   | Reached skill level 7 in Necromancy
  5239 | Bailey   | Reached ** piety under Kikubaaqudgha
  5296 | Bailey   | Found a runed translucent gate.
  5297 | Bailey   | Found a runed translucent gate.
  5298 | Bailey   | Found a runed translucent gate.
  5317 | Bailey   | Reached skill level 8 in Necromancy
  5438 | Bailey   | Acquired 1097 gold pieces
  5683 | Bailey   | Acquired 747 gold pieces
  5734 | D:8      | Annihilated by an orc warlord

Illustrated notes

Levels and vault maps discovered:
D:1:      dpeg_arrival_oval, layout_loops_ring, minmay_pentomino_s4
D:2:      layout_basic, shapermc_ecumenical_altar_hornbeckon, st_stairs_10,
          minmay_circle_x
D:3:      layout_loops_corners, ebering_ghost_sewer_f, st_stairs_12,
          saegor_snake_ambush, uniq_sigmund, uniq_jessica
D:4:      layout_cave_pools, minmay_temple_entry_slanted, uniq_edmund, uniq_ijyb
D:5:      layout_basic, gammafunk_temple_overflow_pools
D:8:      layout_gridville, enter_bailey_6, minmay_increasing_density
Temple:   nicolae_temple_bog_church

Skill      XL: |  1  2  3  4  5  6  7  8  9 |
---------------+----------------------------+-----
Dodging        | 2 |  2.1
Fighting       | 1 2 3 |  3.1
Armour         | 1 2 3 |  3.1
Conjurations   | 4 5 6 |  6.0
Spellcasting   | 3 4 5 7 |  7.0
Necromancy     | 3 8 |  8.2
Stealth        | |  2.4

Action                   |  1- 3 |  4- 6 |  7- 9 || total
-------------------------+-------+-------+-------++-------
Melee: Hand axe          |    33 |    18 |       ||    51
       Punch             |     1 |       |       ||     1
       Mace              |       |    15 |     8 ||    23
       Dagger            |       |       |     4 ||     4
 Fire: Sling             |       |    46 |    18 ||    64
       Shortbow          |       |       |     8 ||     8
 Cast: Magic Dart        |    38 |    21 |    14 ||    73
       Searing Ray       |     2 |    26 |    44 ||    72
       Vampiric Draining |       |       |    13 ||    13
 Abil: Shaft Self        |       |     2 |     2 ||     4
       Dig               |       |     1 |     2 ||     3
  Use: Potion            |       |       |    10 ||    10
       Scroll            |       |       |     9 ||     9
 Stab: Sleeping          |     2 |       |     1 ||     3
Armor: Robe              |     7 |     2 |    17 ||    26
       Leather armour    |       |    10 |       ||    10
Dodge: Dodged            |    15 |    43 |    69 ||   127
